 Dungeon Crawl Stone Soup version 0.22-a0-815-gb582571 (webtiles) character file.

39 iamserjio the Conjurer (level 3, -1/19 HPs)
             Began as a Tengu Fire Elementalist on July 23, 2018.
             Slain by a bullfrog skeleton (7 damage)
             ... on level 2 of the Dungeon.
             The game lasted 00:03:39 (461 turns).

iamserjio the Conjurer (Tengu Fire Elementalist)     Turns: 461, Time: 00:03:40

Health: -1/19      AC:  2    Str:  8    XL:     3   Next: 45%
Magic:  0/7        EV: 12    Int: 16    God:
Gold:   24         SH:  0    Dex: 14    Spells: 5/6 levels left

rFire    . . .     SeeInvis .   p - +1 dagger (pain)
rCold    . . .     Gourm    .   (no shield)
rNeg     . . .     Faith    .   a - +0 robe
rPois    .         Spirit   .   (helmet restricted)
rElec    .         Reflect  .   (no cloak)
rCorr    .         Harm     .   (no gloves)
MR       .....                  (boots unavailable)
Stlth    ++........             (no amulet)
HPRegen  0.06/turn              (no ring)
MPRegen  0.10/turn              (no ring)

@: no status effects
A: beak, talons 3
a: no special abilities


You were on level 2 of the Dungeon.
You were not hungry.

You visited 1 branch of the dungeon, and saw 2 of its levels.

You collected 24 gold pieces.

Inventory:

Hand Weapons
 d - a +0 club
 m - a +0 short sword
 p - a +1 dagger of pain (weapon)
Missiles
 g - 5 tomahawks (quivered)
 k - 24 sling bullets
 o - 44 stones
Armour
 a - a +0 robe (worn)
Scrolls
 e - 2 scrolls of teleportation {unknown}
 l - a scroll of enchant armour {unknown}
 q - a scroll of enchant weapon {unknown}
Potions
 b - a potion of lignification {unknown}
 f - 2 potions of invisibility {unknown}
 h - 2 potions of degeneration {unknown}
 i - a potion of might {unknown}
 j - a potion of mutation {unknown}
 n - a potion of ambrosia {unknown}
Comestibles
 c - 4 rations


   Skills:
 - Level 2.1 Dodging
 - Level 2.0 Stealth
 * Level 2.3 Spellcasting
 + Level 3.6 Conjurations
 + Level 3.5 Fire Magic


You had 5 spell levels left.
You knew the following spells:

 Your Spells              Type           Power        Failure   Level  Hunger
a - Flame Tongue          Conj/Fire      ##...        4%          1    #......

Your spell library contained the following spells:

 Spells                   Type           Power        Failure   Level  Hunger
 Fireball                 Conj/Fire      ##........   78%         5    ######.
 Conjure Flame            Conj/Fire      ##......     14%         3    ###....
 Throw Flame              Conj/Fire      ##....       7%          2    ###....
 Sticky Flame             Conj/Fire      ##......     43%         4    #####..
 Inner Flame              Hex/Fire       #.......     28%         3    ###....


Dungeon Overview and Level Annotations

Branches:
Dungeon (2/15)

Altars:


Innate Abilities, Weirdness & Mutations

You have a beak for a mouth.
You have claws for feet.


Message History

Casting: Flame Tongue (safe; 4% risk of failure)
Confirm with . or Enter, or press ? or * to list all spells.
Aiming: Flame Tongue (safe; 4% risk of failure)
Press: ? - help, Shift-Dir - straight line, f/p - bullfrog skeleton
Aim: a bullfrog skeleton (lightly damaged)
The flame tongue hits the bullfrog skeleton.
The bullfrog skeleton is moderately damaged.
The bullfrog skeleton closely misses you.
Casting: Flame Tongue (safe; 4% risk of failure)
Confirm with . or Enter, or press ? or * to list all spells.
Aiming: Flame Tongue (safe; 4% risk of failure)
Press: ? - help, Shift-Dir - straight line, f/p - bullfrog skeleton
Aim: a bullfrog skeleton (moderately damaged)
The flame tongue hits the bullfrog skeleton.
The bullfrog skeleton is heavily damaged.
The bullfrog skeleton hits you.
You hit the bullfrog skeleton. You claw the bullfrog skeleton.
The bullfrog skeleton is severely damaged.
The bullfrog skeleton hits you!
You die...

#.# #######.#
#.....#.#
#.###.#.# #.#
#.#.# #####
#####.# #.#.#
#... ......#
#.#.###.######.#
#######
#.......@Z..[..#
################


You could see a bullfrog skeleton.

Vanquished Creatures
  An adder (D:2)
  2 dart slugs (D:1)
  A leopard gecko (D:1)
  A ball python (D:1)
  4 bats (D:1)
  A giant cockroach (D:1)
  3 goblins
  3 hobgoblins (D:1)
  2 quokkas (D:2)
  A frilled lizard (D:1)
  3 kobolds (D:1)
  A rat (D:1)
23 creatures vanquished.

Notes
Turn   | Place    | Note
-------+----------+-------------------------------------------
     0 | D:1      | iamserjio the Tengu Fire Elementalist began the quest for the Orb.
     0 | D:1      | Reached XP level 1. HP: 10/10 MP: 4/4
    49 | D:1      | Reached XP level 2. HP: 8/15 MP: 0/6
   229 | D:2      | Reached XP level 3. HP: 17/19 MP: 1/7
   461 | D:2      | Slain by a bullfrog skeleton

Vault maps used:
D:1:      dpeg_arrival_rooms_a, chequers_big_river, hangedman_decor_points
D:2:      uniq_crazy_yiuf_cottage, uniq_sigmund

Skill      XL: |  1  2 |
---------------+-------+-----
Conjurations   | 2 3 |  3.6
Dodging        | |  2.1
Stealth        | |  2.0
Spellcasting   | |  2.3
Fire Magic     | |  3.5

Action                   || total
-------------------------++-------
Melee: Unarmed           ||     5
       Kick              ||     4
       Peck              ||     2
       Club              ||    17
       Dagger            ||     1
 Cast: Flame Tongue      ||    33
Armor: Robe              ||     4
Dodge: Dodged            ||    36

Table legend:
 A = Spawn XP
 B = Non-spawn XP
 C = Spawn XP percentage of total XP
 D = Spawn monster count
 E = Non-spawn monster count
 F = Spawn count percentage of total count
 G = Total turns spent on level
                    A         B        C        D         E        F      G
               +---------+---------+-------+---------+---------+-------+---------
         Total |       0 |      56 |   0.0 |       0 |      23 |   0.0 |   461
               +---------+---------+-------+---------+---------+-------+---------
           D:1 |       0 |      37 |   0.0 |       0 |      19 |   0.0 |   317
           D:2 |       0 |      19 |   0.0 |       0 |       4 |   0.0 |   144
               +---------+---------+-------+---------+---------+-------+---------
